 Dungeon Crawl Stone Soup version 0.21.0-3-g78d12a8 (webtiles) character file.

4 Charmandara the Ducker (level 1, 0/10 HPs)
             Began as a Felid Abyssal Knight on Jan 18, 2018.
             Was an Initiate of Lugonu.
             Slain by a hobgoblin (4 damage)
             ... on level 1 of the Dungeon.
             The game lasted 00:01:22 (338 turns).

Charmandara the Ducker (Felid Abyssal Knight)        Turns: 338, Time: 00:01:22

Health: 0/10       AC:  1    Str:  8    XL:     1   Next: 58%
Magic:  3/3        EV: 18    Int: 13    God:    Lugonu [......]
Gold:   31         SH:  0    Dex: 15    Spells: 0/0 levels left
                                        Lives:  0   Deaths: 0

rFire    . . .     SeeInvis +     - Unarmed
rCold    . . .     Gourm    .   (shield unavailable)
rNeg     . . .     Faith    .   (armour unavailable)
rPois    .         Spirit   .   (helmet unavailable)
rElec    .         Reflect  .   (cloak unavailable)
rCorr    .         Harm     .   (gloves unavailable)
MR       .....                  (boots unavailable)
Stlth    ++........             (no amulet)
HPRegen  0.03/turn              (no ring)
MPRegen  0.08/turn              (no ring)

@: quick
A: very small, no armour, no weapons or thrown items, stealth, claws 1, fangs 3,
see invisible, carnivore, speed 1, shaggy fur 1, slow metabolism 1, sharp paws
a: Renounce Religion


You were on level 1 of the Dungeon.
You worshipped Lugonu.
Lugonu was noncommittal.
You were full.

You visited 1 branch of the dungeon, and saw 1 of its levels.
You visited the Abyss 1 time.

You collected 31 gold pieces.

Inventory:

Scrolls
 b - a scroll of amnesia {unknown}
 c - a scroll of identify {unknown}
 f - a scroll of teleportation {unknown}
 g - a scroll of fear {unknown}
Potions
 d - a potion of agility {unknown}
 e - a potion of flight {unknown}
Comestibles
 a - a ration {@e1}


   Skills:
 - Level 3.0 Fighting
 - Level 3.2 Dodging
 + Level 0.9 Stealth
 * Level 2.3 Unarmed Combat
 - Level 1.7 Invocations


You couldn't memorise any spells.
You didn't know any spells.

Dungeon Overview and Level Annotations

Branches:
Dungeon (1/15)

Altars:


Innate Abilities, Weirdness & Mutations

You cannot wear armour.
You are incapable of wielding weapons or throwing items.
Your paws allow you to move quietly. (Stealth)
You have sharp claws.
You have razor-sharp teeth.
You have supernaturally acute eyesight. (SInv)
You are carnivorous and can eat meat at any time.
You cover ground quickly.
You are covered in fur. (AC +1)
You have a slow metabolism.
Your sharp claws are effective at attacking unaware monsters.


Message History

You now have 11 gold pieces (gained 5).
You feel yourself growing ill in the presence of the ancient zyme.
An ancient zyme comes into view.
You feel ill.
Unknown command.
You see here a scroll labeled ESMISCH HIFUO.
c - a scroll labeled ESMISCH HIFUO Unknown command.
You feel ill.
You feel ill.
A thrashing horror comes into view.
The thrashing horror roars!
You pass through the gate.
You can no longer depart the Abyss at will.
There is a staircase leading out of the dungeon here.
You now have 2/3 mp.
There is a staircase leading out of the dungeon here.
You see here a chain mail.
You now have 18 gold pieces (gained 7).
d - a fizzy inky potion MP restored: 3 Unknown command.
You now have 25 gold pieces (gained 7).
e - a fizzy orange potion Unknown command.
You feel your health improve.
You now have 31 gold pieces (gained 6).
f - a scroll labeled EMARRO PASEU A kobold comes into view.
It is wielding a short sword.
A kobold is nearby!
The kobold shouts!
A leopard gecko comes into view.
The kobold throws a stone.
The stone completely misses you.
A ball python comes into view.
Unknown command.
A bat comes into view.
The ball python hisses angrily.
The kobold throws a stone.
The stone closely misses you.
The leopard gecko hisses angrily.
The kobold throws a stone.
The stone barely misses you. The bat completely misses you. The bat hits you.
The ball python completely misses you. The ball python misses you.
You take 1 damage, and have 9/10 hp.
The bat closely misses you. The bat hits you but does no damage.
You see here a stone.
The bat misses you. The bat hits you but does no damage.
You miss the bat. The bat misses you.
You scratch the ball python but do no damage.
The bat hits you.
The ball python bites you but does no damage.
The ball python misses you.
You take 1 damage, and have 8/10 hp.
You scratch the bat.
You kill the bat!
Lugonu accepts your kill. The ball python closely misses you. x2
You scratch the ball python. You bite the ball python.
You kill the ball python!
Lugonu accepts your kill.
Unknown command.
You scratch the leopard gecko. The leopard gecko closely misses you.
You scratch the leopard gecko.
You kill the leopard gecko!
Lugonu accepts your kill.
The kobold throws a stone.
The stone barely misses you. The kobold hits you but does no damage.
You see here a leopard gecko corpse.
You scratch the kobold.
You kill the kobold!
Lugonu accepts your kill.
You see here a short sword.
There isn't anything to butcher here.
You see here a leopard gecko corpse.
You butcher the leopard gecko corpse.
g - 2 chunks of flesh {@w0} Eating one of 2 chunks of flesh {@w0}.
You eat one of the 2 chunks of flesh {@w0}.
This raw flesh tastes great.
Eating a chunk of flesh {@w0}.
You eat the chunk of flesh {@w0}.
This raw flesh tastes great.
You see here a stone.
A hobgoblin comes into view.
The hobgoblin shouts!
You hear a shout!
You see here a scroll labeled TUWKEO TEMYNGE.
g - a scroll labeled TUWKEO TEMYNGE A hobgoblin comes into view.
The hobgoblin shouts!
You barely miss the hobgoblin. The hobgoblin hits you.
You take 3 damage, and have 6/10 hp.
MASSIVE DAMAGE!!
You scratch the hobgoblin but do no damage.
The hobgoblin hits you.
You take 2 damage, and have 4/10 hp.
You see here a short sword.
You scratch the hobgoblin but do no damage.
The hobgoblin hits you.
You die...

###...##...##...#................
..##...#....#...#................
<.##...#....#...#................
..##...#....#...#.#.............#
.##...##...##...#..............#
.#...##....+....#(.g###.......#
.#.###....##...##..## #.......#
##.#.....##....#)g## ##.....##
.#.....###....##@## #.......#
.#(.####.....##.(# #.......#
.####.......##..## #.......#
.+.......####..## ##.....##
.#....####....## ##..[##
##...##....#### ##### ##.....####
#######


You could see 2 hobgoblins.

Vanquished Creatures
  A leopard gecko (D:1)
  A ball python (D:1)
  A bat (D:1)
  A kobold (D:1)
4 creatures vanquished.

Notes
Turn   | Place    | Note
-------+----------+-------------------------------------------
     0 | Abyss:1  | Charmandara the Felid Abyssal Knight began the quest for the Orb.
     0 | Abyss:1  | Reached XP level 1. HP: 10/10 MP: 3/3
    81 | Abyss:1  | Noticed a small abomination
    85 | Abyss:1  | Noticed an ancient zyme
   124 | Abyss:1  | Noticed a thrashing horror
   127 | D:1      | Escaped the Abyss
   338 | D:1      | Slain by a hobgoblin

Action                   || total
-------------------------++-------
Melee: Unarmed           ||    10
       Bite              ||     1
Invok: Depart the Abyss  ||     1
  Eat: Chunk             ||     2
Armor: Skin              ||     3
Dodge: Dodged            ||    14

Vault maps used:
D:1:      dpeg_arrival_circle_labyrinth_a, st_stairs_5

Table legend:
 A = Turns spent in this place as a percentage of turns spent in the entire game.
 B = Non-inter-level travel turns spent in this place as a percentage of non-inter-level travel turns spent in the entire game.
 C = Inter-level travel turns spent in this place as a percentage of turns spent in this place.
 D = Turns resting spent in this place as a percentage of non-inter-level travel turns spent in this place.
 E = Turns spent auto-exploring this place as a percentage of non-inter-level travel turns spent in this place.
 F = Non-inter-level travel turns spent in this place divided by the number of levels of this place that you've seen.
                   A       B       C       D       E      F
               +-------+-------+-------+-------+-------+----------------------
         Total | 100.0 | 100.0 |   0.0 |   0.0 |  50.0 | 169.0
       Dungeon |  62.4 |  62.4 |   0.0 |   0.0 |  75.4 | 211.0
         Abyss |  37.6 |  37.6 |   0.0 |   0.0 |   7.9 | 127.0
               +-------+-------+-------+-------+-------+----------------------

Table legend:
 A = Kills in this place as a percentage of kills in entire the game.
 B = Kills by you in this place as a percentage of kills by you in the entire game.
 C = Kills by friends in this place as a percentage of kills by friends in the entire game.
 D = Other kills in this place as a percentage of other kills in the entire game.
 E = Experience gained in this place as a percentage of experience gained in the entire game.
 F = Experience gained in this place divided by the number of levels of this place that you have seen.
                   A       B       C       D       E      F
               +-------+-------+-------+-------+-------+----------------------
         Total | 100.0 | 100.0 |   N/A |   N/A | 100.0 |   3.5
       Dungeon | 100.0 | 100.0 |   N/A |   N/A | 100.0 |   7.0
               +-------+-------+-------+-------+-------+----------------------
